 Dungeon Crawl Stone Soup version 0.24-a0-282-g1a68c91 (webtiles) character file.

Game seed: 14815589798665039003

4982 MatthieuS the Spear-Bearer (level 10, -3/77 HPs)
             Began as a Merfolk Skald on May 3, 2019.
             Was a Follower of Ashenzari.
             Slain by a crocodile (10 damage)
             ... on level 8 of the Dungeon.
             The game lasted 00:16:08 (6700 turns).

MatthieuS the Spear-Bearer (Merfolk Skald)          Turns: 6700, Time: 00:16:08

Health: -3/77      AC:  6    Str: 16    XL:     10   Next: 53%
Magic:  15/18      EV: 14    Int: 15    God:    Ashenzari [*.....]
Gold:   377        SH:  0    Dex: 14    Spells: 9/20 levels left

rFire    . . .     SeeInvis .   A - +0 halberd (flame)
rCold    . . .     Gourm    .   (shield currently unavailable)
rNeg     . . .     Faith    +   y - +0 ring mail
rPois    .         Spirit   .   l - +0 helmet (curse)
rElec    .         Reflect  .   i - scarf {repulsion}
rCorr    .         Harm     .   (no gloves)
MR       .....                  (no boots)
Stlth    +.........             p - amulet of faith {!P}
HPRegen  0.22/turn              w - ring of wizardry
MPRegen  0.16/turn              D - +4 ring of strength

@: lethally poisoned (-3 -> -5), repel missiles
A: change form in water, swift swim, stealthy swim
a: Curse Item, Scrying, Renounce Religion


You were on level 8 of the Dungeon.
You worshipped Ashenzari.
Ashenzari was aware of your devotion.
You were hungry.

You visited 1 branch of the dungeon, and saw 8 of its levels.

You collected 377 gold pieces.

Inventory:

Hand Weapons
 m - a +0 scythe
   (You took it off Sigmund on level 2 of the Dungeon)
 v - a +0 trident
   (You took it off an orc on level 4 of the Dungeon)
 A - a +0 halberd of flaming (weapon)
   (You acquired it on level 4 of the Dungeon)
Missiles
 n - 2 throwing nets (quivered) {!f}
Armour
 b - a +0 leather armour
 i - a scarf of repulsion (worn)
   (You found it on level 1 of the Dungeon)
 l - a cursed +0 helmet (worn)
   (You took it off Robin on level 2 of the Dungeon)
 y - a +0 ring mail (worn)
   (You took it off an orc on level 4 of the Dungeon)
Jewellery
 p - an amulet of faith (around neck) {!P}
   (You found it on level 5 of the Dungeon)
 w - a ring of wizardry (left hand)
   (You found it on level 4 of the Dungeon)
 z - an uncursed ring of magical power
   (You found it on level 4 of the Dungeon)
 D - a +4 ring of strength (right hand)
   (You found it on level 7 of the Dungeon)
Wands
 c - a wand of disintegration (14)
   (You found it on level 6 of the Dungeon)
 d - a wand of iceblast (9)
   (You found it on level 7 of the Dungeon)
 x - a wand of acid (5)
   (You found it on level 5 of the Dungeon)
Scrolls
 a - a scroll of magic mapping
 f - 5 scrolls of teleportation {@r4}
 k - 4 scrolls of immolation {!r}
 o - 3 scrolls of fog
 q - 2 scrolls of enchant weapon
Potions
 g - 2 potions of curing {unknown}
 h - a potion of agility {unknown}
 j - a potion of resistance {unknown}
 r - 2 potions of mutation {unknown}
 t - 3 potions of brilliance {unknown}
 u - 2 potions of heal wounds {unknown}
 B - a potion of lignification {unknown}
 C - 2 potions of might
Comestibles
 e - 17 rations
 s - 2 chunks of flesh


   Skills:
 + Level 6.9 Fighting
 * Level 11.4 Polearms
 - Level 0.6 Armour
 + Level 7.1 Dodging
 + Level 5.8 Spellcasting
 + Level 5.7 Hexes
 + Level 7.4 Charms


You had 9 spell levels left.
You knew the following spells:

 Your Spells              Type           Power        Failure   Level  Hunger
a - Infusion              Chrm           ####         1%          1    None
b - Spectral Weapon       Hex/Chrm       ###.....     2%          3    ###....
e - Regeneration          Chrm/Necr      ###.......   8%          3    ###....
q - Song of Slaying       Chrm           ####....     1%          2    #......
A - Shroud of Golubria    Chrm/Tloc      ###.......   4%          2    #......

Your spell library contained the following spells:

 Spells                   Type           Power        Failure   Level  Hunger


Dungeon Overview and Level Annotations

Branches:
Dungeon (8/15)             Temple (0/1) D:6
   Lair: D:8-11

Altars:
Ashenzari
Dithmenos
Qazlal
Ru
Trog
Vehumet
Zin

Shops:
D:5 (


Message History

A crocodile comes into view.
The killer bee buzzes angrily.
You barely miss the yak.
Your spectral weapon hits the yak from afar!
Your spectral weapon burns the yak.
The yak closely misses you.
You hit the yak. You burn the yak.
Your spectral weapon fades away.
The yak barely misses you.
You closely miss the yak. The yak closely misses you.
You puncture the yak! You burn the yak. The yak misses you.
You slash the yak! You burn the yak.
You kill the yak!
A killer bee comes into view.
The killer bee barely misses you.
You draw out your weapon's spirit!
The killer bee buzzes angrily.
The killer bee stings you! The killer bee stings you.
The crocodile bites you but does no damage.
You hit the crocodile. You burn the crocodile.
Your spectral weapon hits the crocodile from afar!
Your spectral weapon burns the crocodile.
The killer bee stings you.
You are poisoned.
The killer bee poisons you! The killer bee stings you. The crocodile bites you!
You closely miss the crocodile.
You feel sick.
Your spectral weapon hits the crocodile from afar.
Your spectral weapon burns the crocodile.
The killer bee stings you.
* * * LOW HITPOINT WARNING * * *
The killer bee stings you.
* * * LOW HITPOINT WARNING * * *
A hound zombie comes into view.
The crocodile bites you but does no damage.
You puncture the killer bee! You burn the killer bee.
Your spectral weapon closely misses the killer bee.
The killer bee stings you but does no damage.
The killer bee barely misses you. The crocodile bites you!
* * * LOW HITPOINT WARNING * * *
You closely miss the killer bee.
You feel sick.
Your spectral weapon closely misses the killer bee.
The killer bee stings you.
* * * LOW HITPOINT WARNING * * *
The killer bee misses you. The crocodile bites you!
* * * LOW HITPOINT WARNING * * *
The yak snorts and paws the ground.
You barely miss the killer bee.
Your spectral weapon barely misses the killer bee.
The killer bee completely misses you. The killer bee closely misses you.
The crocodile bites you!
You die...

.. #...# #...
...##.#...... .. #...#
####.##.##.####### .#
#...# #.##.......#...
. ##.## #.#...........
. #.
########...#.##.#.##
P.
#.......#....##.#.## .
.
#.#####รท##.####.#.##
....#y#####.##...
..#.##
#..Yt@(...#########...
....#.##y##.# #### .
.. ...##.#
...#.......# ..#
#######.# P ..# ..#
..# ...#


You could see a yak, a crocodile, 2 killer bees and a friendly spectral +0
halberd of flaming.

Vanquished Creatures
  Harold (D:8)
  2 two-headed ogres (D:8)
  2 hippogriffs (D:8)
  Sigmund (D:2)
  2 yaks (D:8)
  A black bear (D:8)
  A sky beast (D:7)
  3 ice beasts
  A centaur (D:8)
  2 bullfrogs
  2 scorpions
  7 killer bees (D:8)
  A howler monkey (D:5)
  3 jellies
  5 crimson imps
  A centaur zombie (D:5)
  A bullfrog zombie (D:6)
  3 hounds
  2 bullfrog skeletons
  An orc wizard (D:4)
  A centaur skeleton (D:8)
  2 iguanas
  8 worker ants
  2 hound zombies
  2 hound skeletons
  Robin (D:2)
  4 worker ant zombies
  9 adders
  A howler monkey skeleton (D:4)
  2 shadow imps (D:6)
  An ooze (D:1)
  An adder skeleton (D:6)
  2 worms
  A dart slug (D:1)
  6 leopard geckos
  11 orcs
  2 giant cockroaches
  14 hobgoblins
  8 jackals
  5 quokkas
  2 ball pythons (D:3)
  10 bats
  4 frilled lizards
  12 goblins
  8 kobolds
  8 rats
169 creatures vanquished.

Vanquished Creatures (others)
  48 fungi (D:8)
  11 plants (D:8)
  2 spectral weapons
61 creatures vanquished.

Grand Total: 230 creatures vanquished

Notes
Turn   | Place    | Note
-------+----------+-------------------------------------------
     0 | D:1      | MatthieuS the Merfolk Skald began the quest for the Orb.
     0 | D:1      | Reached XP level 1. HP: 16/16 MP: 3/3
     0 | D:1      | Noticed a shadow dragon
     0 | D:1      | Noticed a large abomination
     1 | D:1      | Noticed a large abomination
     3 | D:1      | Noticed a green draconian
     3 | D:1      | Noticed a shadow dragon
     5 | D:1      | Noticed a large abomination
     6 | D:1      | Noticed a large abomination
     7 | D:1      | Noticed a large abomination
     9 | D:1      | Noticed a green draconian
    11 | D:1      | Noticed a large abomination
    11 | D:1      | Noticed an iron dragon
    13 | D:1      | Noticed a tentacled monstrosity
    13 | D:1      | Noticed an iron dragon
    15 | D:1      | Noticed a large abomination
    17 | D:1      | Noticed a shadow dragon
    17 | D:1      | Noticed an ice dragon
    21 | D:1      | Noticed a shadow dragon
   207 | D:1      | Reached XP level 2. HP: 13/23 MP: 5/5
   886 | D:1      | Reached XP level 3. HP: 25/28 MP: 6/6
  1388 | D:2      | Noticed Sigmund
  1497 | D:2      | Learned a level 2 spell: Shroud of Golubria
  1516 | D:2      | Learned a level 3 spell: Spectral Weapon
  1776 | D:2      | Killed Sigmund
  1776 | D:2      | Reached skill level 4 in Polearms
  1776 | D:2      | Reached skill level 1 in Hexes
  1776 | D:2      | Reached XP level 4. HP: 9/35 MP: 2/8
  1776 | D:2      | Reached XP level 5. HP: 10/41 MP: 2/9
  2050 | D:2      | Noticed Robin
  2083 | D:2      | Killed Robin
  2083 | D:2      | Reached XP level 6. HP: 20/47 MP: 6/10
  2283 | D:2      | Found a glowing silver altar of Zin.
  2461 | D:2      | Learned a level 2 spell: Song of Slaying
  2465 | D:2      | Learned a level 3 spell: Regeneration
  2469 | D:2      | Reached skill level 5 in Polearms
  3135 | D:3      | You fall through a shaft for 2 floors!
  3135 | D:5      | Entered Level 5 of the Dungeon
  3463 | D:5      | Reached XP level 7. HP: 54/54 MP: 5/12
  3528 | D:5      | Found a shadowy altar of Dithmenos.
  3545 | D:4      | Identified a scroll of acquirement
  3551 | D:4      | Found a shattered altar of Ashenzari.
  3695 | D:4      | Found Eckita's Magic Scroll Shop.
  3773 | D:4      | Became a worshipper of Ashenzari the Shackled
  4213 | D:4      | Reached skill level 5 in Charms
  4416 | D:5      | Found a radiant altar of Vehumet.
  4444 | D:5      | Reached skill level 6 in Polearms
  4501 | D:5      | Found Rouzos's Antique Weapon Emporium.
  4664 | D:5      | Reached XP level 8. HP: 59/61 MP: 9/13
  4761 | D:6      | Reached skill level 7 in Polearms
  4793 | D:6      | Found a sacrificial altar of Ru.
  4878 | D:6      | Found a staircase to the Ecumenical Temple.
  4988 | D:6      | Reached skill level 5 in Fighting
  5015 | D:6      | Reached * piety under Ashenzari
  5185 | D:6      | Reached skill level 8 in Polearms
  5451 | D:7      | Reached XP level 9. HP: 67/68 MP: 12/15
  5476 | D:7      | Found a bloodstained altar of Trog.
  5587 | D:7      | Found a stormy altar of Qazlal.
  5662 | D:7      | Reached skill level 5 in Dodging
  5806 | D:8      | Noticed a two-headed ogre
  5813 | D:8      | Killed a two-headed ogre
  5813 | D:8      | Reached skill level 9 in Polearms
  5813 | D:8      | Reached skill level 5 in Spellcasting
  5819 | D:8      | Reached skill level 10 in Polearms
  6157 | D:8      | Noticed Harold
  6173 | D:8      | Killed Harold
  6173 | D:8      | Reached skill level 5 in Hexes
  6173 | D:8      | Reached XP level 10. HP: 51/77 MP: 7/18
  6201 | D:8      | Noticed a two-headed ogre
  6236 | D:8      | Killed a two-headed ogre
  6236 | D:8      | Reached skill level 11 in Polearms
  6700 | D:8      | Slain by a crocodile

Levels and vault maps discovered:
D:1:      shiori_arrival_whats_in_store_for_you, layout_loops_ring
D:2:      minmay_angry_zag, layout_basic, zin_statuary, uniq_robin, uniq_sigmund
D:3:      layout_loops_ring
D:4:      layout_rooms, serial_shops, shop, nicolae_ashenzari_panopticon
D:5:      layout_basic, grunt_dithmenos_smoke_and_mirrors, vehumet_crystals,
          serial_shops, shop_fountains, first_ration
D:6:      layout_rooms, nicolae_ru_great_annihilating_truth,
          minmay_temple_entry_junction
D:7:      layout_basic, kennysheep_mini_moat, basic_altar
D:8:      layout_loops_cross, due_lair_maze_entry_diamond, uniq_harold

Skill      XL: |  1  2  3  4  5  6  7  8  9 10 |
---------------+-------------------------------+-----
Fighting       | 3 4 5 6 |  6.9
Polearms       | 4 5 6 8 10 11 | 11.4
Spellcasting   | 3 4 5 |  5.8
Hexes          | 1 2 3 4 5 |  5.7
Charms         | 4 5 6 7 |  7.4
Dodging        | 3 4 6 7 |  7.1
Armour         | |  0.6

Action                   |  1- 3 |  4- 6 |  7- 9 | 10-12 || total
-------------------------+-------+-------+-------+-------++-------
Melee: Spear             |   147 |    31 |    10 |       ||   188
       Scythe            |       |    86 |     1 |       ||    87
       Halberd           |       |       |   217 |    54 ||   271
 Cast: Infusion          |     5 |     2 |     4 |       ||    11
       Shroud of Golubri |     2 |     2 |     4 |     1 ||     9
       Spectral Weapon   |     1 |    12 |    23 |     5 ||    41
       Regeneration      |       |       |       |     2 ||     2
Invok: Curse Item        |       |       |     1 |       ||     1
Evoke: Wand              |       |       |       |     2 ||     2
  Use: Scroll            |       |       |    10 |     1 ||    11
       Potion            |       |       |     1 |     1 ||     2
 Stab: Sleeping          |       |     2 |       |       ||     2
       Distracted        |       |       |     1 |       ||     1
       Paralysed         |       |       |     1 |       ||     1
  Eat: Chunk             |     3 |     8 |     9 |       ||    20
       Ration            |       |       |     1 |       ||     1
Armor: Leather armour    |    23 |    26 |     5 |       ||    54
       Ring mail         |       |       |    52 |    15 ||    67
Dodge: Dodged            |    82 |    69 |   113 |    33 ||   297
       Deflected         |       |       |     2 |       ||     2

Table legend:
 A = Non-vault XP
 B = Vault XP
 C = Vault XP percentage of total XP
 D = Non-vault monster count
 E = Vault monster count
 F = Vault count percentage of total count
                 A         B        C        D         E       F
            +---------+---------+-------+---------+---------+-------
      Total |    4973 |    2145 |  30.1 |     149 |      20 |  11.8
            +---------+---------+-------+---------+---------+-------
        D:1 |      45 |       0 |   0.0 |      23 |       0 |   0.0
        D:2 |      60 |     251 |  80.7 |      26 |      10 |  27.8
        D:3 |      40 |       0 |   0.0 |      15 |       0 |   0.0
        D:4 |     213 |       0 |   0.0 |      16 |       0 |   0.0
        D:5 |     680 |       0 |   0.0 |      20 |       0 |   0.0
        D:6 |     757 |       6 |   0.8 |      23 |       4 |  14.8
        D:7 |     503 |       0 |   0.0 |       9 |       0 |   0.0
        D:8 |    2675 |    1888 |  41.4 |      17 |       6 |  26.1
            +---------+---------+-------+---------+---------+-------
